 Dungeon Crawl Stone Soup version 0.15.0-14-g6bbbb5c (console) character file.

167 gw the Chucker (level 5, 0/45 HPs)
             Began as a Centaur Hunter on Sept 4, 2014.
             Killed from afar by an orc wizard (7 damage)
             ... with a magic dart
             ... on Level 3 of the Dungeon.
             The game lasted 00:02:12 (2889 turns).

gw the Chucker (Centaur Hunter)                     Turns: 2889, Time: 00:02:12

HP   0/45        AC 10     Str 16      XL: 5   Next: 23%
MP   4/4         EV  4     Int 10      God:
Gold 0           SH  0     Dex 11      Spells:  0 memorised,  4 levels left

rFire  . . .     SeeInvis .     a - +0 short sword
rCold  . . .     Clarity  .     b - +2 chain mail {rN+}
rNeg   + . .     rCorr    .     (no shield)
rPois  .         rRot     .     j - +0 helmet
rElec  .         Spirit   .     (no cloak)
SustAb .         Warding  .     (no gloves)
rMut   .         Stasis   .     (no barding)
Gourm  .                        (no amulet)
MR     .....                    (no ring)
                                (no ring)

@: very quick, not resistant to hostile enchantments, extremely unstealthy
A: hooves 3, deformed body, speed 2, strong 1, tough skin 3
a: no special abilities


You were on level 3 of the Dungeon.
You were hungry.

You visited 1 branch of the dungeon, and saw 3 of its levels.

Inventory:

Hand weapons
 a - a +0 short sword (weapon)
Missiles
 c - 2 throwing nets
 q - 7 stones (quivered)
Armour
 b - a +2 chain mail of positive energy (worn)
 j - a +0 helmet (worn)
Magical devices
 k - a wand of random effects (3)
 l - a wand of enslavement (11)
Comestibles
 f - 3 bread rations
 h - 2 fruits
 i - 2 beef jerkies
 m - a meat ration
Scrolls
 e - a scroll of amnesia
 g - 4 scrolls of identify
 n - 2 scrolls of remove curse


   Skills:
 + Level 3.6 Fighting
 - Level 0.8 Short Blades
 + Level 6.5 Throwing
 + Level 2.0 Armour
 - Level 1.3 Dodging
 - Level 0.5 Stealth


You had 4 spell levels left.
You didn't know any spells.

Dungeon Overview and Level Annotations

Branches:
Dungeon (3/15)

Altars:

Annotations:
D:3 gw's ghost, average DsAK


Innate Abilities, Weirdness & Mutations

You have hooves in place of feet.
Armour fits poorly on your strangely shaped body.
You cover ground very quickly.
You have extremely tough skin (AC +3).
Your muscles are strong. (Str +2)


Message History

The orc hits you but does no damage.
ATTACKING (0,-1)
You miss the orc.
The orc is almost dead.
The orc hits you but does no damage. Something hits you.
The orc hits you but does no damage.
ATTACKING (0,-1)
You barely miss something.
You feel less confused. Something hits you but does no damage.
The orc hits you but does no damage. The orc hits you but does no damage.
ATTACKING (0,-1)
You hit the orc.
You kill the orc!
Your Armour skill increases to level 2!
Something hits you but does no damage. The orc hits you but does no damage.
ATTACKING (0,-1)
You hear some strange, mumbled words.
The magic dart hits you!
You die...

##########
#...)....#
########........#
##......#........#
#.......<.?......#
#...............?#
#........o......#
..#...##.c......#
# #.## #........#
#.. #........# .
#........#
##########


You could see an orc.

Table legend:
 A = Turns spent in this place as a percentage of turns spent in the entire game.
 B = Non-inter-level travel turns spent in this place as a percentage of non-inter-level travel turns spent in the entire game.
 C = Inter-level travel turns spent in this place as a percentage of turns spent in this place.
 D = Turns resting spent in this place as a percentage of non-inter-level travel turns spent in this place.
 E = Turns spent auto-exploring this place as a percentage of non-inter-level travel turns spent in this place.
 F = Non-inter-level travel turns spent in this place divided by the number of levels of this place that you've seen.
                   A       B       C       D       E      F
               +-------+-------+-------+-------+-------+----------------------
         Total | 100.0 | 100.0 |   1.2 |   3.4 |  11.4 | 276.0
       Dungeon | 100.0 | 100.0 |   1.2 |   3.4 |  11.4 | 276.0
               +-------+-------+-------+-------+-------+----------------------

Table legend:
 A = Kills in this place as a percentage of kills in entire the game.
 B = Kills by you in this place as a percentage of kills by you in the entire game.
 C = Kills by friends in this place as a percentage of kills by friends in the entire game.
 D = Other kills in this place as a percentage of other kills in the entire game.
 E = Experience gained in this place as a percentage of experience gained in the entire game.
 F = Experience gained in this place divided by the number of levels of this place that you have seen.
                   A       B       C       D       E      F
               +-------+-------+-------+-------+-------+----------------------
         Total | 100.0 | 100.0 |  -nan |  -nan | 100.0 |  79.7
       Dungeon | 100.0 | 100.0 |  -nan |  -nan | 100.0 |  79.7
               +-------+-------+-------+-------+-------+----------------------

Vanquished Creatures
  An orc priest (D:3)
  Jessica (D:2)
  Terence (D:2)
  4 adders
  3 worms (D:2)
  2 giant geckos (D:1)
  An ooze (D:1)
  2 orcs
  2 ball pythons
  4 giant cockroaches
  8 hobgoblins
  A jackal (D:2)
  4 kobolds
  A quokka (D:2)
  5 bats
  3 giant newts
  6 goblins
  2 rats
51 creatures vanquished.

Notes
Turn   | Place    | Note
--------------------------------------------------------------
     0 | D:1      | gw, the Centaur Hunter, began the quest for the Orb.
     0 | D:1      | Reached XP level 1. HP: 17/17 MP: 1/1
   332 | D:1      | Reached XP level 2. HP: 24/24 MP: 2/2
   833 | D:1      | Gained mutation: Your muscles are strong. (Str +2) [potion of beneficial mutation]
  1004 | D:1      | Reached XP level 3. HP: 22/30 MP: 3/3
  1090 | D:2      | Reached skill level 1 in Armour
  1489 | D:2      | Noticed Terence
  1683 | D:2      | Killed Terence
  1788 | D:2      | Noticed Jessica
  1794 | D:2      | Killed Jessica
  1794 | D:2      | Reached skill level 6 in Throwing
  1794 | D:2      | Reached XP level 4. HP: 33/38 MP: 3/3
  2677 | D:3      | Noticed gw's ghost (average DsAK)
  2761 | D:2      | Reached XP level 5. HP: 33/45 MP: 4/4
  2889 | D:3      | Killed from afar by an orc wizard

Action                   |  1- 3 |  4- 6 || total
-------------------------+-------+-------++-------
Melee: Short sword       |    36 |    55 ||    91
Throw: Javelin           |    42 |    11 ||    53
       Stone             |    53 |    38 ||    91
Evoke: Wand              |       |     2 ||     2
  Use: Scroll            |     8 |       ||     8
       Potion            |     4 |     1 ||     5
  Eat: Chunk             |     2 |     2 ||     4

Vault maps used:
D:1:      tarquinn_simple_flora_water_d
D:2:      minmay_misc_feat_roman, mrwooster_statue_mirror, uniq_jessica,
          uniq_terence
